 Dungeon Crawl Stone Soup version 0.27-a0-1046-g98bf31544f (webtiles) character file.

Game seed: 4243695970469923915

9815 pokeman the Thaumaturge (level 11, -8/57 HPs)
             Began as a Deep Elf Hedge Wizard on Apr 19, 2021.
             Was a Believer of Vehumet.
             Mangled by a harpy simulacrum (20 damage)
             ... in a Gauntlet.
             The game lasted 00:45:55 (14277 turns).

pokeman the Thaumaturge (Deep Elf Hedge Wizard)    Turns: 14277, Time: 00:45:56

Health: -8/57      AC:  7    Str:  7    XL:     11   Next: 28%
Magic:  25/31      EV: 12    Int: 29    God:    Vehumet [**....]
Gold:   1064       SH:  5    Dex: 14    Spells: 20/38 levels left

rFire    + + .     SeeInvis .   R - +4 dagger (venom)
rCold    . . .     Faith    .   z - +0 buckler
rNeg     . . .     Spirit   .   N - +0 troll leather armour
rPois    .         Reflect  .   a - +0 helmet
rElec    .         Harm     .   h - scarf {rC+ rF+}
rCorr    .         Rampage  .   (no gloves)
Will     +....     NoTele   +   k - +0 pair of boots
Stlth    ++........             (no amulet)
HPRegen  1.19/turn              n - ring of fire
MPRegen  0.22/turn              G - +6 ring of intelligence

@: no status effects
A: no striking features
a: Renounce Religion


You were in a Gauntlet.
You worshipped Vehumet.
Vehumet was pleased with you.
You visited 2 branches of the dungeon, and saw 12 of its levels.
You also visited: Ossuary and Gauntlet.

You collected 1094 gold pieces.
You spent 30 gold pieces at shops.

Inventory:

Hand Weapons
 c - a +0 hand crossbow
 C - a +0 shortbow
 K - a +1 war axe of distortion
 R - a +4 dagger of venom (weapon)
Missiles
 g - 212 arrows
 y - 57 bolts
Armour
 a - a +0 helmet (worn)
 h - a scarf of resistance (worn)
 k - a +0 pair of boots (worn)
 z - a +0 buckler (worn)
 H - +0 steam dragon scales
 L - +2 swamp dragon scales
 N - a +0 troll leather armour (worn)
Jewellery
 n - a ring of fire (left hand)
 x - a +6 ring of strength
 D - a +6 ring of dexterity
 G - a +6 ring of intelligence (right hand)
 M - a ring of resist corrosion
Wands
 r - a wand of flame (30)
 I - a wand of iceblast (11)
Scrolls
 e - 2 scrolls of teleportation
 i - 2 scrolls of enchant weapon
 m - 2 scrolls of vulnerability
 o - a scroll of magic mapping
 t - a scroll of amnesia {unknown}
 w - 3 scrolls of fog
 A - 2 scrolls of enchant armour {unknown}
 F - 2 scrolls of blinking {unknown}
 O - a scroll of noise {unknown}
 P - a scroll of fear {unknown}
 Q - a scroll of immolation {unknown}
Potions
 b - 3 potions of might
 d - 3 potions of mutation
 f - 5 potions of heal wounds
 j - a potion of experience {unknown}
 l - 2 potions of attraction {unknown}
 p - a potion of brilliance {unknown}
 q - a potion of ambrosia {unknown}
 s - a potion of magic {unknown}
 u - a potion of cancellation {unknown}
 v - 4 potions of resistance
 B - 3 potions of curing
 E - 4 potions of flight
 J - 2 potions of degeneration {unknown}
 S - a potion of lignification {unknown}


   Skills:
 + Level 2.3 Fighting
 - Level 4.0 Armour
 - Level 3.1 Dodging
 - Level 3.0 Stealth
 - Level 4.0 Shields
 * Level 14.4 Spellcasting
 + Level 8.7 Conjurations
 - Level 1.1 Summonings
 - Level 1.1 Translocations
 + Level 7.7 Fire Magic
 - Level 2.1 Ice Magic
 - Level 1.3 Air Magic
 - Level 1.0 Poison Magic
 - Level 2.1 Evocations


You had 20 spell levels left.
You knew the following spells:

 Your Spells              Type           Power      Damage    Failure   Level
a - Magic Dart            Conj           100%       1d8       1%          1
b - Mephitic Cloud        Conj/Pois/Air  42%        N/A       2%          3
c - Call Imp              Summ           27%        N/A       3%          2
d - Blink                 Tloc           N/A        N/A       3%          2
e - Conjure Flame         Conj/Fire      80%        6-21      1%          3
f - Foxfire               Conj/Fire      100%       2x1d9     1%          1
g - Freezing Cloud        Conj/Ice/Air   22%        6-21      71%         6

Your spell library contained the following spells:

 Spells                   Type           Power      Damage    Failure   Level
 Searing Ray              Conj           100%       3d7       1%          2
 Summon Small Mammal      Summ           100%       N/A       2%          1
 Beastly Appendage        Tmut           40%        N/A       3%          1
 Poisonous Vapours        Pois/Air       54%        N/A       3%          2
 Slow                     Hex            20%        N/A       5%          2
 Wereblood                Tmut           20%        N/A       5%          2
 Call Canine Familiar     Summ           27%        N/A       7%          3
 Spider Form              Tmut/Pois      12%        N/A       9%          3
 Summon Guardian Golem    Hex/Summ       24%        N/A       9%          3
 Irradiate                Conj/Tmut      23%        3d21      16%         5
 Summon Ice Beast         Ice/Summ       30%        N/A       19%         4
 Ice Form                 Ice/Tmut       27%        N/A       22%         4
 Summon Lightning Spire   Summ/Air       27%        N/A       22%         4
 Cause Fear               Hex            10%        N/A       34%         4
 Silence                  Hex/Air        12%        N/A       58%         5
 Hydra Form               Tmut           10%        N/A       67%         5
 Yara's Violent Unravell  Hex/Tmut       10%        3d6       67%         5
 Blade Hands              Tmut           10%        N/A       99%         6
 Statue Form              Tmut/Erth      13%        N/A       99%         6
 Dragon Form              Tmut           10%        N/A       100%        7
 Discord                  Hex            10%        N/A       100%        8


Dungeon Overview and Level Annotations

Branches:
Dungeon (12/15)            Temple (1/1) D:6             Orc (0/2) D:9
Ossuary (visited)         Gauntlet (1/1)
   Lair: D:8-11

Altars:
Ashenzari
Cheibriados
Dithmenos
Elyvilon
Fedhas
Gozag
Hepliaklqana
Makhleb
Nemelex Xobeh
Ru
Trog
Vehumet
Xom
Zin
The Shining One

Shops:
D:8 *

Annotations:
Gauntlet 11 transporters


Message History

Your crimson imp hits the centaur warrior simulacrum but does no damage.
Your crimson imp hits the centaur warrior simulacrum.
The harpy simulacrum barely misses your crimson imp.
The harpy simulacrum claws your crimson imp.
The harpy simulacrum freezes your crimson imp!!
Your crimson imp is frozen!
Your crimson imp dies!
Your crimson imp blinks!
Unknown command.
You swap places.
The centaur warrior simulacrum barely misses your crimson imp.
The centaur warrior simulacrum kicks your crimson imp.
The centaur warrior simulacrum freezes your crimson imp!!
Your crimson imp is frozen!
Your crimson imp dies!
Unknown command.
Aiming: Throw Flame
Press: ? - help, Shift-Dir - straight line, f - harpy simulacrum
Aim: a harpy simulacrum (90% to hit)
The puff of flame hits the harpy simulacrum!
The harpy simulacrum melts!
The harpy simulacrum is heavily damaged.
The harpy simulacrum claws you. The harpy simulacrum freezes you!!
* * * LOW HITPOINT WARNING * * *
The harpy simulacrum claws you but does no damage. x3
Unknown command.
Unknown command.
Casting: Call Imp (safe; 3% risk of failure)
Confirm with . or Enter, or press ? or * to list all spells.
You blink.
Aiming: Throw Flame
Press: ? - help, Shift-Dir - straight line, f/p - harpy simulacrum
Aim: a harpy simulacrum (heavily damaged, 90% to hit)
The puff of flame hits the harpy simulacrum.
The harpy simulacrum melts!
The harpy simulacrum is severely damaged.
The harpy simulacrum claws you.
* * * LOW HITPOINT WARNING * * *
The harpy simulacrum freezes you!!
You die...

#############
###############§#≈#≈#≈#§#≈#######
≈#≈#≈#§#§#≈#≈#..........§..#≈#≈#≈
.................∩..8..∩.........
.8.....8.....8......©......8.....
.......©.......###########.......
...#########...#.........#...####
...#......Z#...#@#.ZZ..#.#...#y##
...#..#...B#...#Z.#####..#...#y.#
...#.###...#...#..##.##..#...#...
.8.#..#©#..#.8.#..Z.Z5...#.8.#©##
...#...###.#...#..##.##..#...###y
...#....#..#...#..#####..#...##!.
§§.#.=.©($.#...#.#.....#.#...#)[.
§..#########...#..)$©.[..#...####
.....#.©.#.....###########.....#.


You could see a spectral lindwurm, a death scarab, a harpy simulacrum and a
centaur warrior simulacrum.

Vanquished Creatures
  Harold (D:7)
  A hydra (D:7)
  2 two-headed ogres
  A wizard (D:10)
  Maggie (D:7)
  A gargoyle (D:8)
  3 trolls
  Prince Ribbit (D:7)
  3 wyverns
  A yak (D:9)
  3 steam dragons
  An acid dragon (D:10)
  A water moccasin (Temple)
  4 orc warriors
  A sky beast (D:8)
  A black bear (D:5)
  An ice beast (D:7)
  A necrophage (D:6)
  5 ogres
  6 centaurs
  A phantom (D:7)
  A kobold brigand (D:7)
  3 bullfrogs
  4 water moccasin zombies (Ossuary)
  A wyvern zombie (D:8)
  A wyvern skeleton (D:6)
  4 scorpions
  12 killer bees
  4 howler monkeys (D:9)
  5 wights (D:7)
  4 centaur zombies
  A bullfrog zombie (D:5)
  2 hounds (D:5)
  A bullfrog skeleton (D:5)
  A jelly (D:6)
  An orc priest (D:5)
  A centaur skeleton (D:4)
  Terence (D:2)
  6 orc wizards
  2 mummies
  A howler monkey zombie (D:9)
  4 gnolls (D:7)
  6 adders
  2 shadow imps
  2 white imps
  An ufetubus (D:6)
  4 adder zombies (Ossuary)
  A dart slug (D:2)
  38 orcs
  4 ball pythons
  4 bats
  7 endoplasms
  8 giant cockroaches
  4 gnoll zombies (Ossuary)
  9 goblins
  5 hobgoblins
  6 jackals
  2 quokkas
  3 frilled lizards
  5 hobgoblin zombies
  14 kobolds
  A kobold skeleton (D:3)
  9 kobold zombies
  11 orc zombies
  7 rats
253 creatures vanquished.

Vanquished Creatures (collateral kills)
  A mummy (Ossuary)
1 creature vanquished.

Vanquished Creatures (others)
  4 demonic plants (Gauntlet)
  275 foxfires
  30 plants (D:5)
309 creatures vanquished.

Grand Total: 563 creatures vanquished

Notes
Turn   | Place    | Note
-------+----------+-------------------------------------------
     0 | D:1      | pokeman the Deep Elf Hedge Wizard began the quest for the
                  | Orb.
     0 | D:1      | Reached XP level 1. HP: 10/10 MP: 7/7
   161 | D:1      | Found a faded altar of an unknown god.
   518 | D:1      | Reached XP level 2. HP: 15/15 MP: 4/9
  1176 | D:2      | Noticed Terence
  1179 | D:2      | Reached skill level 5 in Spellcasting
  1450 | D:2      | Found a sparkling altar of Nemelex Xobeh.
  1486 | D:2      | Reached XP level 3. HP: 20/20 MP: 8/11
  1666 | D:2      | Learned a level 3 spell: Mephitic Cloud
  1669 | D:2      | Learned a level 2 spell: Call Imp
  1672 | D:2      | Learned a level 2 spell: Blink
  1676 | D:2      | Learned a level 3 spell: Conjure Flame
  1788 | D:2      | Killed Terence
  1789 | D:2      | Reached skill level 1 in Fighting
  1789 | D:2      | Reached skill level 1 in Armour
  2010 | D:2      | Reached XP level 4. HP: 11/25 MP: 7/13
  3183 | D:3      | Found a glowing golden altar of the Shining One.
  3895 | D:3      | Found a broken altar of Ashenzari.
  4041 | D:4      | Reached skill level 1 in Fire Magic
  4045 | D:4      | Reached skill level 6 in Spellcasting
  4116 | D:4      | Found a sand-covered staircase.
  4131 | D:4      | Reached XP level 5. HP: 6/29 MP: 3/15
  4218 | Ossuary  | Entered an ossuary
  4602 | Ossuary  | Reached skill level 1 in Air Magic
  4677 | Ossuary  | Reached XP level 6. HP: 34/34 MP: 14/17
  4745 | Ossuary  | Reached skill level 7 in Spellcasting
  5180 | D:4      | Reached skill level 1 in Poison Magic
  5202 | D:4      | Reached XP level 7. HP: 32/39 MP: 0/20
  5287 | D:4      | Reached skill level 1 in Shields
  5603 | D:5      | Entered Level 5 of the Dungeon
  5631 | D:5      | Reached skill level 8 in Spellcasting
  5986 | D:5      | Reached XP level 8. HP: 32/44 MP: 10/22
  6145 | D:5      | Reached skill level 9 in Spellcasting
  7096 | D:5      | Found a snail-covered altar of Cheibriados.
  7413 | D:6      | Reached skill level 5 in Conjurations
  7598 | D:6      | Reached skill level 10 in Spellcasting
  7913 | D:6      | Noticed a two-headed ogre
  7923 | D:6      | Killed a two-headed ogre
  7924 | D:6      | Reached XP level 9. HP: 43/48 MP: 14/25
  8302 | D:6      | Found a staircase to the Ecumenical Temple.
  8311 | Temple   | Entered the Ecumenical Temple
  8321 | Temple   | Reached skill level 11 in Spellcasting
  8332 | Temple   | Became a worshipper of Vehumet
  8882 | D:7      | Noticed Harold
  8892 | D:6      | Learned a level 6 spell: Freezing Cloud
  8921 | D:7      | Noticed Maggie
  9242 | D:7      | Reached skill level 1 in Ice Magic
  9320 | D:7      | Reached skill level 5 in Fire Magic
  9497 | D:7      | Noticed Prince Ribbit
  9505 | D:7      | Killed Prince Ribbit
  9606 | D:7      | Killed Maggie
  9607 | D:7      | Reached skill level 12 in Spellcasting
  9972 | D:7      | Reached * piety under Vehumet
  9972 | D:7      | Offered knowledge of Foxfire by Vehumet.
  9975 | D:7      | Learned a level 1 spell: Foxfire
  9997 | D:7      | Reached XP level 10. HP: 53/53 MP: 19/28
 10093 | D:7      | Noticed a six-headed hydra
 10122 | D:7      | Killed a six-headed hydra
 10446 | D:7      | Killed Harold
 10717 | D:8      | Found Teiczaxt's General Store.
 10725 | D:8      | Bought a scroll of identify for 30 gold pieces
 10728 | D:8      | Identified a scroll of acquirement
 10735 | D:8      | Acquired 722 gold pieces
 10741 | D:8      | Noticed a two-headed ogre
 10751 | D:8      | Killed a two-headed ogre
 10752 | D:8      | Reached skill level 13 in Spellcasting
 11145 | D:8      | Found a bloodstained altar of Trog.
 11148 | D:8      | Found a sacrificial altar of Ru.
 11150 | D:8      | Found a glowing silver altar of Zin.
 11150 | D:8      | Found a burning altar of Makhleb.
 11241 | D:8      | Found a blossoming altar of Fedhas.
 11301 | D:8      | Found a shadowy altar of Dithmenos.
 11473 | D:8      | Noticed a gargoyle
 11520 | D:8      | Killed a gargoyle
 11816 | D:8      | Found a hazy altar of Hepliaklqana.
 11817 | D:8      | Found a faded altar of an unknown god.
 12248 | D:9      | Offered knowledge of Searing Ray by Vehumet.
 12498 | D:9      | Reached ** piety under Vehumet
 12499 | D:9      | Reached XP level 11. HP: 48/57 MP: 27/30
 12891 | D:9      | Reached skill level 14 in Spellcasting
 13043 | D:9      | Found a staircase to the Orcish Mines.
 13466 | D:10     | Entered Level 10 of the Dungeon
 13524 | D:10     | Noticed a wizard
 13534 | D:10     | Killed a wizard
 13985 | D:10     | You fall into a shaft and drop 2 floors!
 13985 | D:12     | Noticed a six-headed hydra
 13999 | D:12     | Found a gate leading to a gauntlet.
 14008 | Gauntlet | Entered a Gauntlet
 14008 | Gauntlet | Found a transporter.
 14028 | Gauntlet | Found a transporter.
 14044 | Gauntlet | Found a transporter.
 14048 | Gauntlet | Found a transporter.
 14066 | Gauntlet | Found a transporter.
 14078 | Gauntlet | Found a transporter.
 14081 | Gauntlet | Noticed a blizzard demon
 14083 | Gauntlet | Found a transporter.
 14087 | Gauntlet | Found a transporter.
 14112 | Gauntlet | Noticed a death scarab
 14115 | Gauntlet | Found a transporter.
 14117 | Gauntlet | Found a transporter.
 14120 | Gauntlet | Found a transporter.
 14122 | Gauntlet | Noticed a death yak
 14122 | Gauntlet | Noticed a death yak
 14123 | Gauntlet | Noticed a death yak
 14123 | Gauntlet | Noticed a death scarab
 14124 | Gauntlet | Noticed a death yak
 14124 | Gauntlet | Noticed a death yak
 14125 | Gauntlet | Noticed a death yak
 14129 | Gauntlet | Noticed a necromancer
 14137 | Gauntlet | Found a transporter.
 14277 | Gauntlet | Mangled by a harpy simulacrum

Illustrated notes

Levels and vault maps discovered:
D:1:      minmay_arrival_loop, layout_rooms,
          shapermc_ecumenical_altar_notcrosses, supply_closet_lemuel,
          minmay_pentomino_z2
D:2:      layout_basic, basic_altar, minmay_fractal_squares_gapless_5,
          uniq_terence
D:3:      layout_loops_ring, lemuel_coloured_pillars_altar,
          nicolae_tso_besieged_by_evil, kennysheep_generic_room_2
D:4:      layout_rooms, gup_ossuary_entry_pyramid, st_stairs_10
D:5:      layout_layer_cave, nicolae_overflow_crystal_walls, serial_bayou,
          serial_bayou_pond_e, serial_bayou_pond_d, serial_bayou_pond_b,
          serial_bayou_lagoon_a, serial_bayou_pond_c
D:6:      layout_layer_cave, minmay_temple_entry_junction_2
D:7:      layout_basic, uniq_prince_ribbit1, uniq_harold, uniq_maggie
D:8:      layout_cave_pools, nicolae_overflow_hidden_temple,
          beargit_hepliaklqana_dungeon_heroes, grunt_temple_overflow_open,
          serial_shops, nicolae_shop_waterfront, hangedman_decor_opposing,
          chequers_serial_rivers_micro_a
D:9:      layout_stronghold, orc_david_3, serial_column_ruins,
          column_ruins_hut_ruined, column_ruins_columns_straight,
          column_ruins_grid_1, column_ruins_columns_dead_end,
          column_ruins_open_small, nicolae_zen_rock_garden, st_stairs_10,
          minmay_diced_spiral
D:10:     minmay_the_grid_triangle_9x9_rhombus_thin
          [minmay_the_grid_triangle_9x9_minimal,
          minmay_the_grid_triangle_9x9_prize_schism,
          minmay_the_grid_triangle_9x9_wacky_v,
          minmay_the_grid_triangle_9x9_sparse_checkered], layout_grid_maze,
          minmay_chambers_of_fives
D:12:     layout_long_grid, gauntlet_entry_generic
Temple:   hc_temple_tempest_star
Gauntlet: minmay_gauntlet_mixed_oops_all_seconds [minmay_gauntlet_arena_77_fan,
          nicolae_gauntlet_arena_blocks, minmay_gauntlet_arena_77_double_cross,
          gammafunk_gauntlet_arena_mazey, minmay_gauntlet_arena_77_braids,
          nicolae_gauntlet_arena_t_cross, gauntlet_exit_hidden_loot]

Skill      XL: |  1  2  3  4  5  6  7  8  9 10 11 |
---------------+----------------------------------+-----
Spellcasting   | 5 6 7 8 10 12 13 14 | 14.4
Fighting       | 1 2 |  2.3
Armour         | 1 2 3 4 |  4.0
Conjurations   | 2 3 4 5 6 8 |  8.7
Fire Magic     | 1 2 4 5 7 |  7.7
Dodging        | 3 |  3.1
Air Magic      | 1 |  1.3
Stealth        | 3 |  3.0
Poison Magic   | 1 |  1.0
Shields        | 1 2 3 4 |  4.0
Evocations     | 2 |  2.1
Ice Magic      | 2 |  2.1
Summonings     | |  1.1
Translocations | |  1.1

Action                   |  1- 3 |  4- 6 |  7- 9 | 10-12 || total
-------------------------+-------+-------+-------+-------++-------
Melee: Dagger            |    23 |    92 |    60 |     9 ||   184
       Flail             |       |       |     8 |       ||     8
       Short sword       |       |       |       |    62 ||    62
 Fire: Shortbow          |       |       |    37 |    11 ||    48
 Cast: Magic Dart        |    95 |   152 |   170 |     8 ||   425
       Conjure Flame     |     3 |     8 |    23 |    22 ||    56
       Mephitic Cloud    |     3 |       |    25 |    25 ||    53
       Call Imp          |       |     3 |     2 |     5 ||    10
       Blink             |       |       |     1 |    12 ||    13
       Foxfire           |       |       |       |   158 ||   158
Evoke: Wand              |       |       |       |     2 ||     2
  Use: Scroll            |       |       |       |    13 ||    13
 Stab: Sleeping          |       |     1 |       |       ||     1
       Confused          |       |       |     7 |    11 ||    18
Armor: Leather armour    |    16 |    50 |    14 |       ||    80
       Steam dragon scal |       |       |    18 |    10 ||    28
       Troll leather arm |       |       |       |    18 ||    18
Dodge: Dodged            |    37 |    78 |    55 |    60 ||   230
Block: Buckler           |       |       |     1 |    24 ||    25

Table legend: (Time is in decaauts)
 A = Elapsed time spent in this place.
 B = Non-inter-level travel time spent in this place.
 C = Inter-level travel time spent in this place.
 D = Time resting spent in this place.
 E = Time spent auto-exploring this place.
 F = Levels seen in this place.
 G = Mean time per level.
                   A        B        C        D        E       F      G
               +--------+--------+--------+--------+--------+-----+--------+
         Total |  14305 |  13949 |    356 |   1144 |  10422 |  14 | 1021.8 |
       Dungeon |  13181 |  12834 |    347 |    836 |   9914 |  11 | 1198.3 |
        Temple |     31 |     22 |      9 |      0 |      0 |   1 |   31.0 |
       Ossuary |    824 |    824 |      0 |    308 |    344 |   1 |  824.0 |
      Gauntlet |    268 |    268 |      0 |      0 |    164 |   1 |  268.0 |
               +--------+--------+--------+--------+--------+-----+--------+

Top non-repeatable levels by time:
     D:5: 1810 daAuts
     D:7: 1750 daAuts
     D:2: 1584 daAuts
     D:9: 1568 daAuts
     D:6: 1543 daAuts
     D:3: 1309 daAuts
     D:8: 1188 daAuts
     D:1: 1121 daAuts
 Ossuary: 824 daAuts
     D:4: 764 daAuts
    D:10: 518 daAuts
Gauntlet: 268 daAuts
  Temple: 31 daAuts
    D:12: 22 daAuts
